 Dungeon Crawl Stone Soup version 0.25-a0-544-gee0576305d (webtiles) character file.

Game seed: 4194142885685088267, levelgen mode: classic

636 EnegeticOcto the Chopper (level 7, 60/66 HPs)
             Began as a Deep Dwarf Fighter on Feb 20, 2020.
             Quit the game on level 6 of the Dungeon.
             The game lasted 00:01:13 (782 turns).

EnegeticOcto the Chopper (Deep Dwarf Fighter)        Turns: 782, Time: 00:01:13

Health: 60/66      AC:  9    Str: 22    XL:     7   Next: 25%
Magic:  3/3        EV:  7    Int:  8    God:
Gold:   47         SH: 10    Dex: 12    Spells: 6/6 levels left

rFire    . . .     SeeInvis .   a - +0 war axe
rCold    . . .     Gourm    .   c - +0 kite shield
rNeg     . . .     Faith    .   f - +0 chain mail
rPois    .         Spirit   .   (no helmet)
rElec    .         Reflect  .   (no cloak)
rCorr    .         Harm     .   (no gloves)
MR       +....                  (no boots)
Stlth    ..........             (no amulet)
HPRegen  0.00/turn              (no ring)
MPRegen  0.08/turn              (no ring)

@: non-regenerating
A: damage resistance, heal wounds, sense surroundings 1, no regeneration
a: Heal Wounds


You were on level 6 of the Dungeon.
You were not hungry.

You visited 2 branches of the dungeon, and saw 7 of its levels.

You collected 47 gold pieces.

Inventory:

Hand Weapons
 a - a +0 war axe (weapon)
Armour
 b - a +0 scale mail
 c - a +0 kite shield (worn)
 f - a +0 chain mail (worn)
Jewellery
 h - a cursed -4 ring of dexterity {unknown}
Scrolls
 d - a scroll of remove curse {unknown}
 j - a scroll of teleportation {unknown}
Potions
 g - a potion of curing {unknown}
 i - a potion of magic {unknown}
 k - a potion of might {@q3}
Comestibles
 e - 2 rations


   Skills:
 * Level 4.7 Fighting
 * Level 5.0 Axes
 + Level 4.6 Armour
 + Level 2.8 Dodging
 + Level 4.6 Shields


You had 6 spell levels left.
You didn't know any spells.
Your spell library was empty.

Dungeon Overview and Level Annotations

Branches:
Dungeon (7/15)             Temple (1/1) D:6

Altars:
Elyvilon
Fedhas
Gozag
Hepliaklqana
Kikubaaqudgha
Okawaru
Sif Muna
Trog
Wu Jian
Xom
Yredelemnul
The Shining One


Innate Abilities, Weirdness & Mutations

You are resistant to damage.
You can heal yourself by infusing magical energy.
You passively map a small area around you.
You do not regenerate.


Message History

You closely miss something. Something hits you but does no damage.
You slash something!
Something hits you but does no damage. x2
You closely miss something. Something hits you but does no damage.
You miss something. Something hits you. Something shocks you.
You slash something!
Reactivating autopickup.
You have reached level 7!
You feel a bit more experienced.
You hear the slow rusting of a very distant drain.
Found a stone staircase leading up.
j - a scroll labeled KOPUANUMONA An ice beast comes into view.
An ice beast is nearby!
An ice beast is nearby!
An ice beast is nearby!
An ice beast is nearby!
Found a scale mail and a scroll labeled PIEN BODOSIGOPPO.
The ice beast hits you but does no damage.
Found a metallic emerald potion.
You closely miss the ice beast.
The ice beast hits you but does no damage.
The ice beast hits you. The ice beast freezes you.
You closely miss the ice beast. You block the ice beast's attack.
You closely miss the ice beast.
The ice beast hits you but does no damage.
You block the ice beast's attack.
You hit the ice beast but do no damage.
The ice beast hits you but does no damage.
Found a blue potion.
You hit the ice beast.
The ice beast is moderately wounded.
The ice beast hits you. The ice beast freezes you!
You are too injured to fight recklessly!
You are too injured to fight recklessly!
You are too injured to fight recklessly!
You are too injured to fight recklessly!
You are too injured to fight recklessly!
You are too injured to fight recklessly!
You are too injured to fight recklessly!
You hit the ice beast.
The ice beast is heavily wounded.
You block the ice beast's attack.
The ice beast hits you but does no damage.
You hit the ice beast.
The ice beast is heavily wounded.
The ice beast hits you but does no damage.
You hit the ice beast.
The ice beast is severely wounded.
The ice beast hits you but does no damage.
You are too injured to fight recklessly!
You are too injured to fight recklessly!
You are too injured to fight recklessly!
You are too injured to fight recklessly!
You are too injured to fight recklessly!
You are too injured to fight recklessly!
You feel much better.
The ice beast hits you but does no damage.
You feel much better. The ice beast hits you. The ice beast freezes you!
An ice beast is nearby!
You slash the ice beast!
The ice beast is almost dead.
The ice beast hits you but does no damage.
You block the ice beast's attack.
You slash the ice beast!
You kill the ice beast!
Your Axes skill increases to level 5!
No target in view!
No target in view!
No target in view!
No target in view!
No target in view!
No target in view!
No target in view!
No target in view!
No target in view!
Found a ration.
Found 14 stones.
You see here a ring mail.
You open the door.
Found a staircase to the Ecumenical Temple.
There is an open door here.
There is a staircase to the Ecumenical Temple here.
You climb downwards.
Welcome to the Ecumenical Temple!
Found twelve altars.
There is a staircase back to the Dungeon here.
Done exploring.
You climb upwards.
Welcome back to the Dungeon!
You hear the sound of rushing water.
There is an entrance to a sewer on this level.
Hurry and find it before the portal rusts away!
There is a staircase to the Ecumenical Temple here.
Unknown command.
There is an open door here.
You hear the slow rusting of a very distant drain.
e - 2 rations (gained 1)
l - a scroll labeled PIEN BODOSIGOPPO
As you read the scroll labeled PIEN BODOSIGOPPO, it crumbles to dust.
This is a scroll of acquirement!
Something appears at your feet!
Unknown command.
Are you sure you want to abandon this character and quit the game? (Confirm with "yes".)

, * , * ######### ,
#.......# #.......# ,
,+...>...# * * #.......####
... #.......#..######... *
,####'####..##.......,
##..........@..#... #
..............%..#.# **.# ,
..............##...####.###
...........[...............
.....#............$........
...#.#........#.<......#...
,...#.(.#.....[.###........!
...##.........#......[.. ,,
.#.##................... ,


There were no monsters in sight!

Vanquished Creatures
  An orc warrior (D:7)
  2 ice beasts (D:6)
  A sky beast (D:6)
  A crimson imp (D:7)
  A hound (D:7)
  A bullfrog skeleton (D:4)
  2 worker ants
  Natasha (D:3)
  3 gnolls (D:4)
  2 adders (D:4)
  2 adder skeletons (D:4)
  13 orcs
  A bat (D:3)
  A giant cockroach (D:3)
  2 goblins (D:1)
  2 hobgoblins
  5 jackals
  2 frilled lizards
  3 kobolds (D:1)
  A leopard gecko zombie (D:7)
  A quokka skeleton (D:4)
  2 rats (D:1)
50 creatures vanquished.

Notes
Turn   | Place    | Note
-------+----------+-------------------------------------------
     0 | D:1      | EnegeticOcto the Deep Dwarf Fighter began the quest for the
                  | Orb.
     0 | D:1      | Reached XP level 1. HP: 20/20 MP: 1/1
   145 | D:2      | Reached XP level 2. HP: 24/27 MP: 2/2
   164 | D:3      | Noticed Natasha
   169 | D:3      | Noticed a crimson imp
   185 | D:3      | Noticed a crimson imp
   188 | D:3      | Killed Natasha
   188 | D:3      | Reached skill level 1 in Dodging
   188 | D:3      | Reached XP level 3. HP: 24/34 MP: 3/3
   262 | D:4      | Reached skill level 3 in Axes
   374 | D:4      | Reached XP level 4. HP: 21/42 MP: 4/4
   596 | D:4      | Reached XP level 5. HP: 41/49 MP: 4/4
   602 | D:4      | You fall into a shaft and drop 3 floors!
   602 | D:7      | Noticed an orc warrior
   633 | D:7      | Killed an orc warrior
   633 | D:7      | Reached skill level 4 in Axes
   633 | D:7      | Reached XP level 6. HP: 39/57 MP: 3/3
   686 | D:6      | Noticed a sky beast
   686 | D:6      | Noticed an ice beast
   697 | D:6      | Killed an ice beast
   723 | D:6      | Killed a sky beast
   723 | D:6      | Reached XP level 7. HP: 37/66 MP: 3/3
   747 | D:6      | Reached skill level 5 in Axes
   759 | D:6      | Found a staircase to the Ecumenical Temple.
   765 | Temple   | Entered the Ecumenical Temple
   781 | D:6      | Identified a scroll of acquirement
   781 | D:6      | Identified the ring "Rutafasown" {rC- rN+ MR++ Dex+2
                  | Stlth+} (You acquired it on level 6 of the Dungeon)
   782 | D:6      | Quit the game

Levels and vault maps discovered:
D:1:      ldierk_walled_garden, layout_basic
D:2:      layout_loops_corners, uniq_robin, uniq_sigmund, uniq_jessica
D:3:      layout_loops_ring, grunt_temple_overflow_cloverleaf,
          fedhas_ov_isle_minmay, uniq_natasha, uniq_crazy_yiuf_cottage
D:4:      layout_loops_corners, nrook_mini_vaults, st_stairs_6,
          grunt_ministairs_7, uniq_edmund
D:6:      layout_rooms, grunt_temple_overflow_order_and_chaos_2,
          nicolae_dithmenos_the_darkroom, temple_green, portal_sewer_entry_e
D:7:      layout_rooms, chequers_big_river, uniq_maggie, uniq_joseph
Temple:   nicolae_temple_no_exploring_needed

Skill      XL: |  1  2  3  4  5  6  7 |
---------------+----------------------+-----
Fighting       | 3 4 |  4.7
Dodging        | 1 2 |  2.8
Axes           | 3 4 5 |  5.0
Armour         | 4 |  4.6
Shields        | 4 |  4.6

Action                   |  1- 3 |  4- 6 |  7- 9 || total
-------------------------+-------+-------+-------++-------
Melee: War axe           |    75 |   122 |    10 ||   207
 Abil: Heal Wounds       |     2 |    10 |     2 ||    14
  Use: Scroll            |       |     1 |     1 ||     2
Armor: Scale mail        |    45 |    52 |       ||    97
       Chain mail        |       |    33 |     9 ||    42
Dodge: Dodged            |    30 |    68 |       ||    98
Block: Kite shield       |    53 |    83 |     4 ||   140

Table legend:
 A = Non-vault XP
 B = Vault XP
 C = Vault XP percentage of total XP
 D = Non-vault monster count
 E = Vault monster count
 F = Vault count percentage of total count
                 A         B        C        D         E       F
            +---------+---------+-------+---------+---------+-------
      Total |     874 |      35 |   3.9 |      49 |       1 |   2.0
            +---------+---------+-------+---------+---------+-------
        D:1 |      11 |       0 |   0.0 |       9 |       0 |   0.0
        D:2 |       3 |       0 |   0.0 |       2 |       0 |   0.0
        D:3 |      19 |      35 |  64.8 |       7 |       1 |  12.5
        D:4 |     129 |       0 |   0.0 |      13 |       0 |   0.0
        D:6 |     419 |       0 |   0.0 |       4 |       0 |   0.0
        D:7 |     293 |       0 |   0.0 |      14 |       0 |   0.0
            +---------+---------+-------+---------+---------+-------
